 Dungeon Crawl Stone Soup version 0.28.0-45-g0d030f2227 (webtiles) character file.

Game seed: 17165407044290842097

486 Naeght the Poker (level 7, -3/53 HPs)
             Began as a Merfolk Gladiator on Apr 22, 2022.
             Was an Elder of Elyvilon.
             Slain by a gnoll
             ... wielding a +0 flail
              (8 damage)
             ... on level 4 of the Dungeon.
             The game lasted 00:11:11 (5353 turns).

Naeght the Poker (Merfolk Gladiator)                Turns: 5353, Time: 00:11:11

Health: -3/53      AC:  7    Str: 22    XL:     7   Next: 13%
Magic:  7/9        EV: 14    Int:  8    God:    Elyvilon [****..]
Gold:   160        SH:  0    Dex: 15    Spells: 6/9 levels left

rFire   . . .      SeeInvis .   a - +0 trident
rCold   . . .      Faith    .   (no shield)
rNeg    . . .      Spirit   .   b - +0 leather armour
rPois   .          Reflect  .   j - +2 hood of the Assassin {Detection Stab+ Stlth++}
rElec   .          Harm     .   m - +1 cloak {Will+}
rCorr   .          Rampage  .   (no gloves)
Will    ++...                   (no boots)
Stlth   +++.......              (no amulet)
HPRegen 0.17/turn               e - ring of willpower
MPRegen 0.11/turn               o - +6 ring of strength

@: no status effects
A: (nimble swimmer 2), mertail
a: Renounce Religion, Purification, Heal Other, Heal Self


You were on level 4 of the Dungeon.
You worshipped Elyvilon.
Elyvilon was greatly pleased with you.
You visited 1 branch of the dungeon, and saw 5 of its levels.

You collected 160 gold pieces.

Inventory:

Hand Weapons
 a - a +0 trident (weapon)
 k - a +0 dagger of venom
Missiles
 d - 3 throwing nets (quivered)
Armour
 b - a +0 leather armour (worn)
 j - the +2 hood of the Assassin (worn) {Detection Stab+ Stlth++}
   (You found it on level 3 of the Dungeon)

   It allows the wearer to sense nearby creatures.
   It allows the wearer to make particularly effective stabbing attacks against
   helpless or unaware enemies with any weapon.
   Stlth:     It makes you much more stealthy.
 m - a +1 cloak of willpower (worn)
 r - a +4 ring mail
Jewellery
 e - a ring of willpower (left hand)
 o - a +6 ring of strength (right hand)
Scrolls
 g - 2 scrolls of enchant armour
 p - a scroll of identify
 q - a scroll of enchant weapon {unknown}
 t - a scroll of amnesia {unknown}
 u - a scroll of teleportation {unknown}
Potions
 c - 2 potions of attraction {unknown}
 f - 2 potions of curing
 h - a potion of berserk rage {unknown}
 i - a potion of haste
 l - 2 potions of lignification {unknown}
 n - 3 potions of ambrosia {unknown}
 s - 2 potions of might {unknown}


   Skills:
 + Level 3.7 Fighting
 * Level 7.4 Polearms
 - Level 2.0 Throwing
 * Level 1.2 Armour
 + Level 5.4 Dodging
 + Level 1.6 Spellcasting
 + Level 1.9 Ice Magic
 + Level 2.2 Invocations


You had 6 spell levels left.
You knew the following spells:

 Your Spells              Type           Power      Damage    Failure   Level
a - Ozocubu's Armour      Ice            3%         N/A       50%         3

Your spell library contained the following spells:

 Spells                   Type           Power      Damage    Failure   Level
 Ensorcelled Hibernation  Hex/Ice        4%         N/A       41%         2
 Spider Form              Tmut/Pois      0%         N/A       77%         3
 Anguish                  Hex/Necr       0%         N/A       99%         4
 Ozocubu's Refrigeration  Ice            1%         4d5       100%        7


Dungeon Overview and Level Annotations

Branches:
Dungeon (5/15)
 Temple: D:4-7

Altars:
Elyvilon
Gozag
Hepliaklqana
Sif Muna


Innate Abilities, Weirdness & Mutations

((You are very nimble when in or above water. (Stealth+, EV+, Speed+++)))
Your lower body shifts to a powerful aquatic tail in water.


Message History

You are too injured to fight recklessly!
You are too injured to fight recklessly!
You are too injured to fight recklessly!
You are too injured to fight recklessly!
You are too injured to fight recklessly!
You barely miss the gnoll. You punch the gnoll.
The gnoll is moderately wounded.
The gnoll completely misses you.
The gnoll hits you from afar with a +0 halberd!
You closely miss the gnoll.
The gnoll is moderately wounded.
The gnoll barely misses you. The gnoll misses you.
The gnoll hits you from afar with a +0 halberd!
* * * LOW HITPOINT WARNING * * *
You barely miss the gnoll.
The gnoll is moderately wounded.
The gnoll hits you with a +0 flail.
* * * LOW HITPOINT WARNING * * *
The gnoll barely misses you.
You closely miss the gnoll.
The gnoll is moderately wounded.
The gnoll hits you with a +0 flail. Elyvilon protects you from harm!
The gnoll hits you with a +0 flail.
* * * LOW HITPOINT WARNING * * *
The gnoll misses you.
You are healed.
The gnoll misses you.
The gnoll hits you from afar with a +0 halberd!
* * * LOW HITPOINT WARNING * * *
The gnoll misses you. The gnoll hits you with a +0 flail.
* * * LOW HITPOINT WARNING * * *
There is a stone staircase leading up here.
The gnoll closely misses you.
You climb upwards.
There is a stone staircase leading down here.
You hit the gnoll.
The gnoll is severely wounded.
The gnoll hits you with a +0 flail!
You die...

########
#g.....######## #
#@####........# #
#.# ########.# #
#.# #.#### #.#
#..... #.#
#########
#.########...# #
#.#.<.....#..# #
#####.#.######.#.#
# ##.).#.#.# ###.#
#


You could see a gnoll (fast).

Vanquished Creatures
  An ice beast (D:5)
  A water moccasin zombie (D:5)
  A centaur skeleton (D:4)
  Crazy Yiuf (D:3)
  A jelly (D:4)
  A gnoll shaman (D:5)
  An orc priest (D:4)
  2 hound skeletons
  5 gnolls
  3 adders
  A white imp (D:5)
  2 adder skeletons (D:4)
  4 dart slugs
  12 orcs
  8 endoplasms
  2 giant cockroaches
  8 goblins
  3 hobgoblins
  A quokka (D:2)
  2 ball pythons
  5 bats
  2 frilled lizards
  4 kobolds
  6 rats
77 creatures vanquished.

Vanquished Creatures (others)
  19 plants
19 creatures vanquished.

Grand Total: 96 creatures vanquished

Notes
Turn   | Place    | Note
-------+----------+-------------------------------------------
     0 | D:1      | Naeght the Merfolk Gladiator began the quest for the Orb.
     0 | D:1      | Reached XP level 1. HP: 16/16 MP: 1/1
    86 | D:1      | Found a faded altar of an unknown god.
    91 | D:1      | Prayed at the altar of an unknown god.
    91 | D:1      | Became a worshipper of Elyvilon the Healer
    91 | D:1      | Reached * piety under Elyvilon
   343 | D:1      | Reached XP level 2. HP: 23/23 MP: 2/2
   459 | D:1      | Reached skill level 5 in Polearms
   929 | D:2      | Reached ** piety under Elyvilon
   952 | D:2      | Reached XP level 3. HP: 28/28 MP: 3/3
  1519 | D:3      | Found the +2 hood of the Assassin {Detection Stab+ Stlth++}
  1524 | D:3      | Reached XP level 4. HP: 34/34 MP: 4/4
  1561 | D:2      | Reached skill level 6 in Polearms
  2246 | D:2      | Reached *** piety under Elyvilon
  2583 | D:2      | Learned a level 3 spell: Ozocubu's Armour
  3032 | D:3      | Reached skill level 1 in Invocations
  3092 | D:3      | Found a runed translucent door.
  3093 | D:3      | Noticed Crazy Yiuf
  3107 | D:3      | Elyvilon protects you from harm!
  3111 | D:3      | Killed Crazy Yiuf
  3112 | D:3      | Reached XP level 5. HP: 5/41 MP: 5/5
  3514 | D:3      | Found a shimmering blue altar of Sif Muna.
  3517 | D:3      | Found an opulent altar of Gozag.
  3522 | D:3      | Found a hazy altar of Hepliaklqana.
  3666 | D:4      | Reached skill level 5 in Dodging
  3717 | D:4      | Reached **** piety under Elyvilon
  3866 | D:4      | HP: 2/41 [orc priest/+0 trident (7)]
  3868 | D:4      | Reached skill level 1 in Ice Magic
  4178 | D:4      | Reached skill level 1 in Spellcasting
  4236 | D:4      | Reached XP level 6. HP: 47/47 MP: 7/7
  4240 | D:4      | Found a white marble altar of Elyvilon.
  4519 | D:5      | Entered Level 5 of the Dungeon
  5013 | D:5      | Reached skill level 7 in Polearms
  5114 | D:5      | Noticed an ice beast
  5125 | D:5      | Killed an ice beast
  5126 | D:5      | Reached skill level 1 in Armour
  5126 | D:5      | Reached XP level 7. HP: 35/53 MP: 9/9
  5346 | D:5      | Elyvilon protects you from harm!
  5346 | D:5      | HP: 1/53 [gnoll/+0 flail (3)]
  5353 | D:4      | Slain by a gnoll

Illustrated notes

Levels and vault maps discovered:
D:1:      dpeg_arrival_subterranean_lakeside_camping, layout_basic,
          ebering_ecumenical_altar_hall
D:2:      layout_loops_corners, serial_bayou_pond_a, minmay_pentomino_z2
D:3:      layout_loops_cross, grunt_temple_overflow_diamond,
          serial_bayou_lagoon_a, item_on_display_a, uniq_crazy_yiuf_cottage
D:4:      layout_loops_ring, elyvilon_altar_3
D:5:      layout_basic

Skill      XL: |  1  2  3  4  5  6 |
---------------+-------------------+-----
Polearms       | 5 6 7 |  7.4
Fighting       | 3 |  3.7
Invocations    | 1 2 |  2.2
Dodging        | 5 |  5.4
Ice Magic      | 1 |  1.9
Spellcasting   | 1 |  1.6
Armour         | 1 |  1.2
Throwing       | |  2.0

Action                   |  1- 3 |  4- 6 |  7- 9 || total
-------------------------+-------+-------+-------++-------
Melee: Trident           |    80 |   143 |    18 ||   241
       Punch             |     1 |       |     2 ||     3
Invok: Heal Self         |       |       |     1 ||     1
  Use: Scroll            |       |     3 |       ||     3
 Stab: Sleeping          |     3 |    10 |       ||    13
       Distracted        |       |     2 |       ||     2
       Invisible         |       |     1 |       ||     1
Armor: Leather armour    |    10 |    33 |     1 ||    44
Dodge: Dodged            |    32 |    84 |    17 ||   133
